 Dungeon Sprint DCSS version 0.20-a0-1093-g7ae0f1a (webtiles) character file.

3127 Dipster the Protected (level 9, -11/65 HPs)
             Began as a Gargoyle Warper on May 4, 2017.
             Mangled by a halberd of distortion (12 damage)
             ... in the Dungeon (Sprint V: "Ziggurat Sprint").
             The game lasted 00:05:02 (798 turns).

Dipster the Protected (Gargoyle Warper)              Turns: 798, Time: 00:05:03

Health: -11/65     AC: 31    Str: 25    XL:     9   Next: 92%
Magic:  12/12      EV: 16    Int: 13    God:
Gold:   0          SH:  0    Dex: 17    Spells: 10/12 levels left

rFire    + . .     SeeInvis +   S - +7 great mace "Firestarter" {inner flame, rF++}
rCold    + + .     Gourm    .   (shield currently unavailable)
rNeg     + . .     Faith    .   W - +5 ice dragon scales
rPois    ∞         Spirit   .   J - +1 helmet {SInv}
rElec    +         Reflect  .   (no cloak)
rCorr    .         Harm     .   (no gloves)
MR       .....     Clarity  +   (no boots) Stlth ..........NoTele +
                                (no amulet)
Regen    0.2/turn               I - +6 ring of strength
MPRegen  0.2/turn               E - +6 ring of dexterity

@: no status effects
A: iridescent scales 1, thin metallic scales 1, agile 1, clarity, mutation
resistance 1, negative energy resistance 1, electricity resistance, unbreathing,
petrification resistance, rot immunity, AC +5
a: no special abilities


You were in the Dungeon.
You were not hungry.

You visited 1 branch

Inventory:

Hand Weapons
 O - the +6 Majin-Bo {vamp, Archmagi MP+6 Int+6}
   (You found it in the Dungeon)

   It inflicts no extra harm, but heals its wielder when it wounds a living foe.
   It affects your intelligence (+6).
   It affects your magic capacity (+6).
 P - the +9 heavy crossbow "Sniper" {velocity, Acc+∞ SInv}
   (You found it in the Dungeon)

   Any bolt fired from it inflicts extra damage.
   It lets you see invisible.
 S - the +7 great mace "Firestarter" (weapon) {inner flame, rF++}
   (You found it in the Dungeon)

   It has been specially enchanted to burn those struck by it, causing extra
   injury to most foes and up to half again as much damage against particularly
   susceptible opponents.
   It greatly protects you from fire.
 T - the +8 lance "Wyrmbane" {slay drac, rPois rF+ rC+ AC+3}
   (You found it in the Dungeon)

   It affects your AC (+3).
   It protects you from fire.
   It protects you from cold.
   It protects you from poison.
 U - the +7 longbow "Piercer" {penet, EV-2}
   (You found it in the Dungeon)

   Ammo fired by it will pass through the targets it hits, potentially hitting
   all targets in its path until it reaches maximum range.
   It affects your evasion (-2).
 V - the +6 shillelagh "Devastator" {shatter}
   (You found it in the Dungeon)
 Y - the +9 broad axe of Evolution {drain, rF- Dex+6}
   (You found it in the Dungeon)

   A truly terrible weapon, it drains the life of those it strikes.
   It affects your dexterity (+6).
   It makes you vulnerable to fire.
Missiles
 e - 5 tomahawks of dispersal (quivered)
Armour
 b - +5 fire dragon scales
 l - +5 gold dragon scales
 m - a +3 large shield
 n - a +3 shield
 J - a +1 helmet of see invisible (worn)
 Q - the +15 Maxwell's patent armour {-Cast -Tele rElec MR+ rCorr}
   (You found it in the Dungeon)

   It insulates you from electricity.
   It affects your resistance to hostile enchantments.
   It prevents spellcasting.
   It prevents most forms of teleportation.
   It protects you from acid and corrosion.
 R - the +18 shield of the Gong {rElec rN+ MR+ EV-5}
   (You found it in the Dungeon)

   It affects your evasion (-5).
   It insulates you from electricity.
   It protects you from negative energy.
   It affects your resistance to hostile enchantments.
 W - +5 ice dragon scales (worn)
Jewellery
 E - a +6 ring of dexterity (right hand)
 G - a +6 ring of intelligence
 H - a +6 ring of intelligence
 I - a +6 ring of strength (left hand)
Wands
 K - a wand of disintegration (7/24)
 L - a wand of iceblast (5/15)
 M - a wand of lightning (5/15)
 N - a wand of acid (5/15)
Scrolls
 d - 5 scrolls of blinking
 u - 4 scrolls of amnesia
 v - 3 scrolls of recharging
 w - 7 scrolls of fog
 x - a scroll of holy word
 y - 5 scrolls of identify
 z - 5 scrolls of remove curse
 A - 2 scrolls of fear
Potions
 g - 10 potions of curing
 h - 6 potions of heal wounds
 i - 6 potions of haste
 j - 7 potions of magic
 k - 3 potions of berserk rage
 o - 2 potions of brilliance
 p - 2 potions of invisibility
 q - 4 potions of resistance
 s - 5 potions of agility
 t - 5 potions of might
Books
 a - Pugytafo's Handbook of Dislocation and Conjuration
   (You found it in the Dungeon)

   Spells                             Type                      Level
   a - Flame Tongue                   Conjuration/Fire             1
   b - Throw Frost                    Conjuration/Ice              2
   c - Lesser Beckoning               Translocation                3
   d - Throw Icicle                   Conjuration/Ice              4
   e - Bolt of Draining               Conjuration/Necromancy       5
   f - Summon Forest                  Summoning/Translocation      5
 c - a book of Spatial Translocations

   Spells                             Type                      Level
   a - Blink                          Translocation                2
   b - Shroud of Golubria             Charms/Translocation         2
   c - Lesser Beckoning               Translocation                3
   d - Gell's Gravitas                Translocation                3
   e - Teleport Other                 Translocation                3
   f - Passage of Golubria            Translocation                4
 X - a Fen Folio

   Spells                             Type                      Level
   a - Corpse Rot                     Necromancy                   2
   b - Stone Arrow                    Conjuration/Earth            3
   c - Leda's Liquefaction            Hexes/Earth                  4
   d - Summon Forest                  Summoning/Translocation      5
   e - Hydra Form                     Transmutation                6
   f - Summon Hydra                   Summoning                    7
Miscellaneous
 r - a phial of floods
 D - a lightning rod (4/4)
 F - a phantom mirror
 Z - a lightning rod (4/4)
Comestibles
 f - 5 bread rations
 B - 42 fruits
 C - 4 meat rations


   Skills:
 + Level 11.6 Fighting
 + Level 10.9 Maces & Flails
 - Level 0.8 Throwing
 + Level 13.7 Armour
 + Level 9.1 Dodging
 - Level 2.0 Spellcasting
 - Level 2.6 Translocations


You had 10 spell levels left.
You knew the following spells:

 Your Spells              Type           Power        Failure   Level  Hunger
a - Blink                 Tloc           N/A          26%         2    ###....


Dungeon Overview and Level Annotations

Branches:
Dungeon (1/1)

Altars:
Ashenzari
Cheibriados
Dithmenos
Elyvilon
Fedhas
Gozag
Hepliaklqana
Kikubaaqudgha
Makhleb
Nemelex Xobeh
Okawaru
Qazlal
Ru
Sif Muna
Trog
Uskayaw
Vehumet
Wu Jian
Xom
Yredelemnul
Zin
The Shining One
Beogh
Jiyva
Lugonu

Annotations:
D 1 transporter


Innate Abilities, Weirdness & Mutations

You are resistant to torment.
Your stone body is resilient. (AC +5)
You are immune to poison.
You resist negative energy. (rN+)
You are resistant to electric shocks. (rElec)
You can survive without breathing.
You are immune to petrification.
You are immune to rotting.
You are partially covered in iridescent scales. (AC +2)
You are partially covered in thin metallic scales. (AC +2)
You are agile. (Dex +2)
You possess an exceptional clarity of mind.
You are somewhat resistant to further mutation.


Message History

The trident of flaming hits you but does no damage.
The halberd of distortion hits you but does no damage.
The fire elemental closely misses you.
The trident of flaming hits you from afar!
The trident of flaming burns you. The deep elf mage closely misses you.
The fire elemental misses you.
The halberd of distortion closely misses you.
The deep elf mage closely misses you. The deep elf mage barely misses you.
The halberd of distortion hits you but does no damage.
Space warps horribly around you!
* * * LOW HITPOINT WARNING * * *
Found a transporter.
Things that are here:
a scimitar of holy wrath; an elf corpse Sorry, you're not good enough to have a special ability.
The deep elf mage barely misses you.
The halberd of distortion hits you from afar!
* * * LOW HITPOINT WARNING * * *
Space warps horribly around you!
You die...

▓....)..▓
▓▓▓▓▓▓▓▓▓
▓..8©8..▓
▓..)"=..▓
▓..)||..▓
▓.......▓
▓.......▓
▓.......▓
▓....(e@▓
▓.▓..(▓E▓
▓.....§e▓
▓▓▓▓▓▓▓▓▓


You could see 2 deep elf magi, a fire elemental and 2 dancing weapons.

Vanquished Creatures
  A deep elf knight (D)
  3 ugly things (D)
  A rime drake (shapeshifter) (D)
  2 yaktaurs (D)
  A slime creature (D)
  A golden eye (D)
  A floating eye (D)
  A necrophage (D)
  3 centaurs (D)
  2 wights (D)
  2 jellies (D)
  An adder zombie (D)
  4 orcs (D)
  A ball python skeleton (D)
  A giant cockroach zombie (D)
25 creatures vanquished.

Notes
Turn   | Place    | Note
-------+----------+-------------------------------------------
     0 | D        | Dipster the Gargoyle Warper began the quest for the Orb.
     0 | D        | Reached XP level 1. HP: 12/12 MP: 3/3
    15 | D        | Found a blossoming altar of Fedhas.
    20 | D        | Found a deep blue altar of Sif Muna.
    20 | D        | Found a sacrificial altar of Ru.
    20 | D        | Found a bloodstained altar of Trog.
    20 | D        | Found a stormy altar of Qazlal.
    20 | D        | Found an iron altar of Okawaru.
    20 | D        | Found a sparkling altar of Nemelex Xobeh.
    22 | D        | Found an ancient bone altar of Kikubaaqudgha.
    22 | D        | Found a viscous altar of Jiyva.
    22 | D        | Found a corrupted altar of Lugonu.
    22 | D        | Found a hazy altar of Hepliaklqana.
    22 | D        | Found a burning altar of Makhleb.
    22 | D        | Found an opulent altar of Gozag.
    85 | D        | Entered arena 2.
    85 | D        | Noticed a jelly
    85 | D        | Noticed a golden eye
    86 | D        | Reached skill level 8 in Armour
    86 | D        | Reached XP level 2. HP: 17/17 MP: 5/5
    91 | D        | Killed a golden eye
    91 | D        | Reached skill level 5 in Fighting
    91 | D        | Reached skill level 9 in Armour
    91 | D        | Reached XP level 3. HP: 21/26 MP: 6/6
    91 | D        | Reached XP level 4. HP: 25/31 MP: 7/7
    91 | D        | Reached XP level 5. HP: 28/35 MP: 8/8
   123 | D        | Learned a level 2 spell: Blink
   125 | D        | Entered arena 3.
   125 | D        | Noticed a floating eye
   125 | D        | Noticed a slime creature
   132 | D        | Paralysed by a floating eye for 3 turns
   135 | D        | Killed a slime creature
   135 | D        | Killed a floating eye
   135 | D        | Reached skill level 5 in Maces & Flails
   135 | D        | Reached skill level 10 in Armour
   135 | D        | Reached XP level 6. HP: 32/41 MP: 9/9
   135 | D        | Reached skill level 5 in Dodging
   135 | D        | Reached XP level 7. HP: 33/48 MP: 10/10
   414 | D        | Entered arena 4.
   414 | D        | Noticed a purple ugly thing
   414 | D        | Noticed a green ugly thing
   414 | D        | Noticed a rime drake
   414 | D        | Noticed a white ugly thing
   426 | D        | Killed a red ugly thing
   426 | D        | Reached skill level 11 in Armour
   426 | D        | Reached XP level 8. HP: 51/56 MP: 11/11
   428 | D        | Killed a brown ugly thing
   428 | D        | Reached skill level 12 in Armour
   430 | D        | Killed a brown ugly thing
   430 | D        | Reached skill level 10 in Fighting
   430 | D        | Reached XP level 9. HP: 48/62 MP: 12/12
   432 | D        | Killed a rime drake
   436 | D        | Gained mutation: You are partially covered in thin metallic scales. (AC +2) [mutagenic meat]
   437 | D        | Gained mutation: You are partially covered in iridescent scales. (AC +2) [mutagenic meat]
   438 | D        | Gained mutation: Your flesh is heat resistant. (rF+) [mutagenic meat]
   439 | D        | Lost mutation: Your flesh is heat resistant. (rF+) [mutagenic meat]
   440 | D        | Gained mutation: You have a pair of small horns on your head. [mutagenic meat]
   441 | D        | Gained mutation: You are agile. (Dex +2) [mutagenic meat]
   445 | D        | Lost mutation: You have a pair of small horns on your head. [mutagenic meat]
   448 | D        | Gained mutation: You possess an exceptional clarity of mind. [mutagenic meat]
   454 | D        | Gained mutation: You are somewhat resistant to further mutation. [mutagenic meat]
   456 | D        | Got the +9 broad axe of Evolution {drain, rF- Dex+6}
   459 | D        | Entered arena 5.
   472 | D        | Entered arena 6.
   472 | D        | Noticed a yaktaur
   472 | D        | Noticed a yaktaur
   476 | D        | Reached skill level 10 in Maces & Flails
   476 | D        | Reached skill level 13 in Armour
   484 | D        | Killed a yaktaur
   486 | D        | Killed a yaktaur
   498 | D        | Identified Pugytafo's Handbook of Dislocation and Conjuration (You found it in the Dungeon)
   501 | D        | Identified Pugytafo's Handbook of Dislocation and Conjuration (You found it in the Dungeon)
   639 | D        | Entered arena 7.
   787 | D        | Entered arena 8.
   787 | D        | Noticed a halberd of distortion
   787 | D        | Noticed a trident of flaming
   787 | D        | Noticed a deep elf mage
   787 | D        | Noticed a deep elf mage
   787 | D        | Noticed a deep elf knight
   795 | D        | Killed a deep elf knight
   798 | D        | HP: 1/65 [halberd of distortion (17)]
   798 | D        | Mangled by a halberd of distortion

Vault maps used:
D:        sprint_v

Skill      XL: |  1  2  3  4  5  6  7  8  9 |
---------------+----------------------------+-----
Armour         | 8 9 10 11 12 13 | 13.7
Fighting       | 5 6 7 8 10 11 | 11.6
Maces & Flails | 4 5 6 8 9 10 | 10.9
Dodging        | 3 4 5 6 7 9 |  9.1
Throwing       | |  0.8
Spellcasting   | |  2.0
Translocations | |  2.6

Action                   |  1- 3 |  4- 6 |  7- 9 || total
-------------------------+-------+-------+-------++-------
Melee: Great mace        |     4 |     6 |    44 ||    54
  Use: Potion            |     1 |       |     4 ||     5
  Eat: Chunk             |       |       |    10 ||    10
Armor: Ice dragon scales |     2 |     8 |    50 ||    60
Dodge: Dodged            |     3 |     1 |    76 ||    80
